 Dungeon Crawl Stone Soup version 0.22-a0-782-g038298e (webtiles) character file.

72 Hebeh the Conjurer (level 4, -14/24 HPs)
             Began as a Deep Elf Conjurer on July 20, 2018.
             Demolished by an orc warrior
             ... wielding a +2 scimitar of draining
              (16 damage)
             ... on level 4 of the Dungeon.
             The game lasted 00:07:25 (2865 turns).

Hebeh the Conjurer (Deep Elf Conjurer)              Turns: 2865, Time: 00:07:25

Health: -14/24     AC:  3    Str:  5    XL:     4   Next: 6%
Magic:  1/12       EV: 12    Int: 21    God:
Gold:   150        SH:  0    Dex: 15    Spells: 1/12 levels left

rFire    . . .     SeeInvis .   f - -1 short sword (curse)
rCold    . . .     Gourm    .   (no shield)
rNeg     . . .     Faith    .   a - +0 robe
rPois    .         Spirit   .   s - +0 helmet
rElec    .         Reflect  .   (no cloak)
rCorr    .         Harm     .   (no gloves)
MR       .....                  (no boots)
Stlth    ++........             (no amulet)
HPRegen  0.08/turn              (no ring)
MPRegen  0.13/turn              (no ring)

@: drained
A: no striking features
a: no special abilities


You were on level 4 of the Dungeon.
You were not hungry.

You visited 1 branch of the dungeon, and saw 4 of its levels.

You collected 150 gold pieces.

Inventory:

Hand Weapons
 f - a cursed -1 short sword (weapon)
 k - a +0 spear of piercing
 n - a +0 dagger
Missiles
 b - 47 arrows
 e - 27 stones (quivered)
Armour
 a - a +0 robe (worn)
 s - a +0 helmet (worn)
Scrolls
 d - 3 scrolls of enchant armour {unknown}
 g - a scroll of fear {unknown}
 j - 5 scrolls of identify {unknown}
 l - a scroll of fog {unknown}
 m - a scroll of random uselessness {unknown}
 o - a scroll of blinking {unknown}
 p - 2 scrolls of magic mapping {unknown}
 q - a scroll of remove curse {unknown}
Potions
 i - 2 potions of resistance {unknown}
 r - a potion of curing {unknown}
Comestibles
 c - 7 rations
 h - 2 chunks of flesh


   Skills:
 - Level 2.4(1.5) Dodging
 - Level 2.4(1.5) Stealth
 + Level 4.7(3.8) Spellcasting
 + Level 5.3(4.4) Conjurations


You had one spell level left.
You knew the following spells:

 Your Spells              Type           Power        Failure   Level  Hunger
a - Magic Dart            Conj           ###.         1%          1    None
b - Iskenderun's Mystic   Conj           ###.....     21%         4    ####...
c - Searing Ray           Conj           ###...       3%          2    #......
d - Force Lance           Conj/Tloc      ##......     43%         4    ####...

Your spell library contained the following spells:

 Spells                   Type           Power        Failure   Level  Hunger
 Fulminant Prism          Conj/Hex       ##........   43%         4    ####...
 Dazzling Spray           Conj/Hex       ##....       14%         3    ###....


Dungeon Overview and Level Annotations

Branches:
Dungeon (4/15)
 Temple: D:4-7

Altars:


Message History

The orc warrior is moderately wounded.
The orc warrior barely misses you.
You hit the orc warrior but do no damage.
The orc warrior is moderately wounded.
The orc warrior hits you with a scimitar of draining.
You feel drained.
You hit the orc warrior but do no damage.
The orc warrior is moderately wounded.
The orc warrior hits you with a scimitar of draining!
* * * LOW HITPOINT WARNING * * *
You feel drained.
* * * LOW HITPOINT WARNING * * *
You barely miss the orc warrior.
The orc warrior is moderately wounded.
The orc warrior misses you.
You barely miss the orc warrior.
The orc warrior is moderately wounded.
The orc warrior hits you with a scimitar of draining!
Ouch! That really hurt!
You die...

### ...
######.#####
#...........
#@o).....
####.....
... .


You could see an orc warrior.

Vanquished Creatures
  2 adders
  2 dart slugs (D:2)
  3 leopard geckos
  4 orcs
  2 giant cockroaches (D:1)
  A goblin (D:1)
  7 hobgoblins
  3 jackals (D:3)
  6 kobolds
  5 bats
  2 frilled lizards
  5 rats
  A butterfly (D:1)
43 creatures vanquished.

Notes
Turn   | Place    | Note
-------+----------+-------------------------------------------
     0 | D:1      | Hebeh the Deep Elf Conjurer began the quest for the Orb.
     0 | D:1      | Reached XP level 1. HP: 10/10 MP: 6/6
   388 | D:1      | Reached XP level 2. HP: 15/15 MP: 4/8
  1056 | D:1      | You fall through a shaft!
  1619 | D:2      | Reached skill level 5 in Conjurations
  1619 | D:2      | Reached XP level 3. HP: 19/19 MP: 5/10
  1623 | D:2      | Learned a level 2 spell: Searing Ray
  2729 | D:3      | Reached XP level 4. HP: 23/24 MP: 7/12
  2735 | D:3      | Learned a level 4 spell: Iskenderun's Mystic Blast
  2740 | D:3      | Learned a level 4 spell: Force Lance
  2855 | D:4      | Noticed an orc warrior
  2865 | D:4      | Demolished by an orc warrior

Vault maps used:
D:1:      elethiomel_arrival_infinity_welcomes_careful_drivers, minivault_11,
          hangedman_glass_garden, minivault_26, serial_bayou_ford_a
D:2:      serial_bayou_crossing
D:3:      first_ration, st_stairs_3
D:4:      lemuel_temple_firewalk_b, serial_shops, nicolae_shop_behind_doors,
          shop, nicolae_shop_statue_plus, st_stairs_14

Skill      XL: |  1  2 |
---------------+-------+-----
Spellcasting   | 4 |  4.7
Conjurations   | 5 |  5.3
Dodging        | |  2.4
Stealth        | |  2.4

Action                   |  1- 3 |  4- 6 || total
-------------------------+-------+-------++-------
Melee: Short sword       |     5 |     5 ||    10
 Cast: Magic Dart        |    75 |     5 ||    80
       Iskenderun's Myst |       |     2 ||     2
 Stab: Sleeping          |     1 |       ||     1
  Eat: Chunk             |     5 |     1 ||     6
Armor: Robe              |     1 |       ||     1
Dodge: Dodged            |     3 |     3 ||     6

Table legend:
 A = Spawn XP
 B = Non-spawn XP
 C = Spawn XP percentage of total XP
 D = Spawn monster count
 E = Non-spawn monster count
 F = Spawn count percentage of total count
 G = Total turns spent on level
                    A         B        C        D         E        F      G
               +---------+---------+-------+---------+---------+-------+---------
         Total |       0 |     103 |   0.0 |       0 |      42 |   0.0 |  2865
               +---------+---------+-------+---------+---------+-------+---------
           D:1 |       0 |      21 |   0.0 |       0 |      14 |   0.0 |  1148
           D:2 |       0 |      39 |   0.0 |       0 |      13 |   0.0 |  1048
           D:3 |       0 |      37 |   0.0 |       0 |      13 |   0.0 |   658
           D:4 |       0 |       6 |   0.0 |       0 |       2 |   0.0 |    11
               +---------+---------+-------+---------+---------+-------+---------
